 Dungeon Crawl Stone Soup version 0.20-a0-266-gdedccd6 (webtiles) character file.

98 gamerape the Skirmisher (level 4, 0/24 HPs)
             Began as a Vine Stalker Fighter on Dec 5, 2016.
             Slain by an orc
             ... wielding a +2 hand axe of flaming
              (2 damage)
             ... on level 2 of the Dungeon.
             The game lasted 00:04:40 (1334 turns).

gamerape the Skirmisher (Vine Stalker Fighter)      Turns: 1334, Time: 00:04:40

Health: 0/24       AC:  7    Str: 19    XL:     4   Next: 69%
Magic:  0/5        EV:  7    Int:  8    God:
Gold:   84         SH:  9    Dex: 14    Spells: 3/3 levels left

rFire  . . .     SeeInvis .     a - +0 flail
rCold  . . .     Gourm    .     b - +0 scale mail
rNeg   . . .     Faith    .     c - +0 shield
rPois  .         Spirit   +     (no helmet)
rElec  .         Reflect  .     (no cloak)
rCorr  .         Harm     .     n - +0 pair of gloves
MR     .....                    (no boots)
Stlth  ..........               (no amulet)
                                (no ring)
                                (no ring)

@: no status effects
A: fangs 2, regeneration 1, magic shield, antimagic bite, no device heal 3, rot
immunity
a: no special abilities


You were on level 2 of the Dungeon.
You were hungry.

You visited 1 branch of the dungeon, and saw 3 of its levels.

You collected 84 gold pieces.

Inventory:

Hand Weapons
 a - a +0 flail (weapon)
Missiles
 h - 5 tomahawks (quivered)
Armour
 b - a +0 scale mail (worn)
 c - a +0 shield (worn)
 n - a +0 pair of gloves (worn)
Scrolls
 e - a scroll of remove curse {unknown}
 g - a scroll of identify {unknown}
 i - 2 scrolls of teleportation {unknown}
Potions
 d - 2 potions of might
 j - a potion of agility {unknown}
 k - a potion of cure mutation {unknown}
 l - a potion of curing {unknown}
 o - a potion of degeneration {unknown}
Comestibles
 f - 2 bread rations
 m - a slice of pizza


   Skills:
 * Level 3.5 Fighting
 * Level 2.5 Maces & Flails
 + Level 2.8 Armour
 + Level 0.4 Dodging
 + Level 3.1 Shields


You had 3 spell levels left.
You didn't know any spells.

Dungeon Overview and Level Annotations

Branches:
Dungeon (3/15)

Altars:
Ru
Zin


Innate Abilities, Weirdness & Mutations

You have extremely sharp teeth.
Your natural rate of healing is unusually fast.
When hurt, damage is shared between your health and your magic reserves.
Your bite disrupts and absorbs the magic of your enemies.
Potions and wands cannot restore your health.
You are immune to rotting.


Message History

The orc barely misses you.
The orc priest casts a cantrip, but nothing happens.
You hit the orc priest but do no damage.
Your bite misses the orc priest.
The orc priest is almost dead.
You block the orc's attack.
The orc priest hits you but does no damage.
You hit the orc priest but do no damage.
Your bite misses the orc priest.
The orc priest is almost dead.
You block the orc's attack.
The orc priest invokes the aid of Beogh against you.
Beogh smites you!
Ouch! That really hurt!
* * * LOW HITPOINT WARNING * * *
You block the orc's attack. You block the orc priest's attack.
You hit the orc priest.
The orc priest is almost dead.
The orc hits you with a hand axe of flaming.
You die...

#.....# ##.#........##.#
#..<..# #.##......###.#
#.....# #..#.########.#
############...# #...#
#.......# #..## ###†###
#.......####.# #...####
#........###.# ###.....
#.......o....############
######..@o.........####
#.#####.##.##....###
########.# #..#..####....
#........# ##..#.## #####
#........# #......#
#........# #....#.####
#........# #.........####
#........##
#....###......
#.........# ######
#......


You could see an orc priest and an orc.

Vanquished Creatures
  Jessica (D:1)
  Ijyb (D:2)
  An ooze (D:1)
  2 dart slugs
  3 leopard geckos
  A giant cockroach (D:2)
  4 goblins
  A hobgoblin (D:1)
  3 jackals
  A quokka (D:2)
  2 bats (D:1)
  8 frilled lizards (D:1)
  5 kobolds (D:1)
  7 rats
40 creatures vanquished.

Notes
Turn   | Place    | Note
-------+----------+-------------------------------------------
     0 | D:1      | gamerape the Vine Stalker Fighter began the quest for the Orb.
     0 | D:1      | Reached XP level 1. HP: 11/11 MP: 2/2
    97 | D:1      | Reached XP level 2. HP: 13/16 MP: 3/3
   666 | D:1      | Reached XP level 3. HP: 17/20 MP: 4/4
   820 | D:2      | Noticed Jessica
   828 | D:1      | Killed Jessica
   845 | D:1      | Gained mutation: Your natural rate of healing is unusually fast. [Vine Stalker growth]
   845 | D:1      | Reached XP level 4. HP: 15/24 MP: 5/5
   897 | D:2      | Noticed Ijyb
   917 | D:2      | Killed Ijyb
  1225 | D:2      | Found a glowing silver altar of Zin.
  1226 | D:2      | Found a sacrificial altar of Ru.
  1333 | D:2      | HP: 1/24 [orc priest/divine providence (15)]
  1334 | D:2      | Slain by an orc

Vault maps used:
D:1:      mushboom_english_gardens, minmay_lizard_pond
D:2:      gammafunk_temple_overflow_pools, hangedman_abyss_or_decor_lesser_grid,
          uniq_iyjb, uniq_jessica
D:3:      uniq_robin, uniq_natasha, uniq_crazy_yiuf_cottage

Skill      XL: |  1  2  3 |
---------------+----------+-----
Maces & Flails | 2 |  2.5
Fighting       | 3 |  3.5
Shields        | 3 |  3.1
Armour         | |  2.8
Dodging        | |  0.4

Action                   |  1- 3 |  4- 6 || total
-------------------------+-------+-------++-------
Melee: Flail             |   101 |    36 ||   137
       Bite              |    30 |     9 ||    39
  Eat: Chunk             |       |     1 ||     1
Armor: Scale mail        |    55 |    16 ||    71
Dodge: Dodged            |    33 |    12 ||    45
Block: Shield            |    51 |    22 ||    73
